 Dungeon Crawl Stone Soup version 0.29.0-4-gdea44cf6ec (webtiles) character file.

Game seed: 14435477417583242986

7 qw the Sneak (level 2, -5/19 HPs)
             Began as a Gargoyle Delver on Sept 10, 2022.
             Slain by an iguana (7 damage)
             ... on level 3 of the Dungeon.
             The game lasted 00:00:09 (198 turns).

qw the Sneak (Gargoyle Delver)                       Turns: 198, Time: 00:00:10

Health: -5/19      AC:  8    Str: 15    XL:     2   Next: 4%
Magic:  2/2        EV:  9    Int: 10    God:
Gold:   0          SH:  0    Dex: 11    Spells: 1/1 levels left

rFire   . . .      SeeInvis .   a - +0 hand axe
rCold   . . .      Faith    .   (no shield)
rNeg    + . .      Spirit   .   h - +0 scale mail
rPois   inf        Reflect  .   (no helmet)
rElec   +          Harm     .   (no cloak)
rCorr   .          Rampage  .   (no gloves)
Will    .....                   (no boots)
Stlth   +.........              (no amulet)
HPRegen 0.06/turn               (no ring)
MPRegen 0.08/turn               (no ring)

@: no status effects
A: sickness immunity, AC +2, negative energy resistance 1, electricity
resistance, torment resistance 1, petrification resistance
a: no special abilities


You were on level 3 of the Dungeon.
You visited 1 branch of the dungeon, and saw 3 of its levels.


Innate Abilities, Weirdness & Mutations

You are immune to sickness and miasma.
Your stone body is resilient. (AC +2)
You are immune to poison.
You resist negative energy. (rN+)
You are resistant to electric shocks. (rElec)
You are resistant to unholy torment.
You are immune to petrification.


   Skills:
 - Level 3.2 Fighting
 + Level 2.4 Axes
 - Level 1.5 Dodging
 - Level 5.4 Stealth


You had one spell level left.
You didn't know any spells.
Your spell library was empty.

Inventory:

Hand Weapons
 a - a +0 hand axe (weapon)
Armour
 h - a +0 scale mail (worn)
Wands
 g - a wand of digging (3)
Potions
 f - a potion of haste

Dungeon Overview and Level Annotations

Branches:
Dungeon (5/15)
 Temple: D:4-7

Altars:


Message History

You open the door.
The kobold shouts!
Found a stone staircase leading down.
An iguana comes into view.
The iguana hisses angrily.
The kobold throws a poisoned dart.
The poisoned dart barely misses you.
The kobold throws a poisoned dart.
The poisoned dart barely misses you.
The kobold throws a poisoned dart.
The poisoned dart barely misses you.
The kobold throws a poisoned dart.
The poisoned dart closely misses you.
The kobold throws a poisoned dart.
The poisoned dart hits you!
You hit the iguana.
The iguana is moderately wounded.
The iguana closely misses you. x2
You barely miss the iguana.
The iguana is moderately wounded.
The iguana barely misses you.
You barely miss the iguana.
The iguana is moderately wounded.
The iguana bites you.
You closely miss the iguana.
The iguana is moderately wounded.
The iguana bites you.
You hit the iguana but do no damage.
The iguana is moderately wounded.
The iguana closely misses you.
You hit the iguana but do no damage.
The iguana is moderately wounded.
The iguana bites you!
Ouch! That really hurt!
The iguana closely misses you.
You hit the iguana but do no damage.
The iguana is moderately wounded.
The iguana barely misses you.
You hit the iguana but do no damage.
The iguana is moderately wounded.
The iguana bites you.
You barely miss the iguana.
The iguana is moderately wounded.
The iguana bites you!
You die...

######### #########.....#
#.......# ###.........###.##
#.#####.# ##.#.###.....# #..#
#.....#.###....# #.##..###..#
#..##.#.##.....###.##.......#
#..##..............%......#.#
#>.####.####.#########..#.#.#
#.......#.# #.# #....#.#
#.........# #@# #......#
#........### #l# ##.#####
#.....K...# .K. #.#
##........# ..... ###
##.......# ......# #.......#
.......# '.......#
##.......#>


You could see an iguana and a kobold.

Vanquished Creatures
  A ball python (D:3)
  2 hobgoblins (D:3)
  2 quokkas
  A frilled lizard (D:3)
6 creatures vanquished.

Notes
Turn   | Place    | Note
-------+----------+-------------------------------------------
     0 | D:5      | qw the Gargoyle Delver began the quest for the Orb.
     0 | D:5      | Reached XP level 1. HP: 14/14 MP: 1/1
     0 | D:5      | 0 ||| qw: Version: 0.1-a-116-g5d60599
     0 | D:5      | 0 ||| qw: Game counter: 9050
     0 | D:5      | 0 ||| qw: Always use a shield: true
     0 | D:5      | 0 ||| qw: God list: Okawaru
     0 | D:5      | 0 ||| qw: Allow faded altars: false
     0 | D:5      | 0 ||| qw: Do Orc after D:15 true
     0 | D:5      | 0 ||| qw: Do second Lair branch before Depths: true
     0 | D:5      | 0 ||| qw: Lair rune preference: random
     0 | D:5      | 0 ||| qw: Plans: Normal
     0 | D:5      | 0 ||| PLANNING D:1-11
     5 | D:5      | 5 ||| UPGRADING to +0 scale mail.
    15 | D:5      | 15 ||| DROPPING +0 leather armour.
    16 | D:5      | 16 ||| DROPPING scroll of fog.
    17 | D:5      | 17 ||| DROPPING scroll of magic mapping.
    18 | D:5      | 18 ||| DROPPING scroll of fear.
    64 | D:3      | 64 ||| Stepping ~*~*~tactically~*~*~ (stealth).
    65 | D:3      | 65 ||| Stepping ~*~*~tactically~*~*~ (stealth).
    67 | D:3      | 67 ||| Stepping ~*~*~tactically~*~*~ (stealth).
    68 | D:3      | 68 ||| Stepping ~*~*~tactically~*~*~ (stealth).
   112 | D:3      | 112 ||| Stepping ~*~*~tactically~*~*~ (stealth).
   127 | D:3      | 127 ||| Stepping ~*~*~tactically~*~*~ (stealth).
   128 | D:3      | 128 ||| Stepping ~*~*~tactically~*~*~ (stealth).
   132 | D:3      | 132 ||| Stepping ~*~*~tactically~*~*~ (stealth).
   134 | D:3      | 134 ||| Stepping ~*~*~tactically~*~*~ (stealth).
   141 | D:3      | Reached XP level 2. HP: 19/19 MP: 2/2
   195 | D:3      | HP: 4/19 [iguana (10)]
   198 | D:3      | Slain by an iguana

Levels and vault maps discovered:
D:3:      layout_loops_corners, nicolae_overflow_hidden_temple,
          nicolae_ecumenical_snake_handling
D:4:      layout_basic, corexii_shack, minmay_liquid_box
D:5:      layout_cave_pods, supply_closet_lemuel, uniq_eustachio

Skill      XL: |  1 |
---------------+----+-----
Axes           | 2 |  2.4
Fighting       | |  3.2
Dodging        | |  1.5
Stealth        | |  5.4

Action                   || total
-------------------------++-------
Melee: Hand axe          ||    37
Armor: Scale mail        ||    15
Dodge: Dodged            ||    28

Table legend:
 A = Non-vault XP
 B = Vault XP
 C = Vault XP percentage of total XP
 D = Non-vault monster count
 E = Vault monster count
 F = Vault count percentage of total count
                 A         B        C        D         E       F
            +---------+---------+-------+---------+---------+-------
      Total |      11 |       0 |   0.0 |       6 |       0 |   0.0
            +---------+---------+-------+---------+---------+-------
        D:3 |       9 |       0 |   0.0 |       5 |       0 |   0.0
        D:4 |       2 |       0 |   0.0 |       1 |       0 |   0.0
            +---------+---------+-------+---------+---------+-------
